 Dungeon Crawl Stone Soup version 0.28-a0-589-g333b8329f1 (webtiles) character file.

Game seed: 863832411970383842

12211 Heedrag the Frost Mage (level 11, -2/75 HPs)
             Began as a Demonspawn Ice Elementalist on Oct 4, 2021.
             Was a Believer of Vehumet.
             Succumbed to barbed spike wounds
             ... on level 11 of the Dungeon.
             The game lasted 00:35:19 (11621 turns).

Heedrag the Frost Mage (DsIE)                      Turns: 11621, Time: 00:35:20

Health: -2/75      AC: 20    Str: 13    XL:     11   Next: 59%
Magic:  16/22      EV: 13    Int: 20    God:    Vehumet [**....]
Gold:   664        SH:  0    Dex: 13    Spells: 13/24 levels left

rFire   + + +      SeeInvis .   p - +2 dagger (venom)
rCold   . . .      Faith    .   (no shield)
rNeg    . . .      Spirit   .   S - +0 acid dragon scales
rPois   .          Reflect  .   W - +1 helmet "Xaumuig" {rElec rF+++ Str+4 Dex-3}
rElec   +          Harm     .   M - +0 cloak
rCorr   +          Rampage  .   A - +2 pair of gloves {Dex+3}
Will    .....                   s - +0 pair of boots
Stlth   +++.......              e - amulet of regeneration
HPRegen 1.22/turn               w - ring of resist corrosion
MPRegen 0.18/turn               J - +4 ring of protection

@: spiked
A: hooves 2, yellow scales 1, ignite blood 1, demonic magic 1, frail 1, subdued
magic 1
a: Renounce Religion


You were on level 11 of the Dungeon.
You worshipped Vehumet.
Vehumet was pleased with you.
You visited 2 branches of the dungeon, and saw 12 of its levels.
You also visited: Gauntlet.

You collected 664 gold pieces.

Inventory:

Hand Weapons
 j - a +2 hand axe of freezing
   (You found it on level 1 of the Dungeon)
 m - a +1 dagger of electrocution
   (You took it off a kobold on level 3 of the Dungeon)
 p - a +2 dagger of venom (weapon)
   (You took it off an orc wizard on level 4 of the Dungeon)
Missiles
 h - 30 poisoned darts (quivered)
 k - 15 boomerangs
 H - 4 throwing nets {!f}
Armour
 a - a +0 robe
 s - a +0 pair of boots (worn)
   (You found it on level 5 of the Dungeon)
 A - a +2 pair of gloves of dexterity (worn)
   (You found it in a Gauntlet)
 M - a +0 cloak (worn)
   (You took it off Crazy Yiuf on level 7 of the Dungeon)
 P - a +2 helmet
   (You found it on level 8 of the Dungeon)
 S - +0 acid dragon scales (worn)
   (You found it on level 9 of the Dungeon)
 W - the +1 helmet "Xaumuig" (worn) {rElec rF+++ Str+4 Dex-3}
   (You found it in a Gauntlet)

   Str:       It affects your strength (+4).
   Dex:       It affects your dexterity (-3).
   rF:        It renders you almost immune to fire.
   rElec:     It insulates you from electricity.
 Y - the +0 plate armour of Wonder {rPois Str-2 Int+4}
   (You took it off a minotaur in a Gauntlet)

   Str:       It affects your strength (-2).
   Int:       It affects your intelligence (+4).
   rPois:     It protects you from poison.
Magical Staves
 R - a staff of fire
   (You found it on level 9 of the Dungeon)
Jewellery
 e - an amulet of regeneration (around neck)
   (You found it on level 6 of the Dungeon)
 w - a ring of resist corrosion (left hand)
   (You found it on level 6 of the Dungeon)
 J - a +4 ring of protection (right hand)
   (You found it on level 7 of the Dungeon)
 V - the ring of Naukuoc {rF+ Str-5 Dex+7}
   (You found it in a Gauntlet)

   [ring of protection from fire]

   Str:       It affects your strength (-5).
   Dex:       It affects your dexterity (+7).
   rF:        It protects you from fire.
Wands
 d - a wand of iceblast (11)
   (You found it in a Gauntlet)
 t - a wand of mindburst (3)
   (You found it on level 5 of the Dungeon)
 v - a wand of digging (11)
   (You took it off Terence on level 3 of the Dungeon)
 N - a wand of polymorph (14)
   (You took it off Grinder on level 4 of the Dungeon)
 Z - a wand of charming (7)
   (You found it in a Gauntlet)
Scrolls
 c - a scroll of amnesia {unknown}
 f - 10 scrolls of teleportation {@r4}
 n - a scroll of silence {unknown}
 o - 6 scrolls of fear
 u - 2 scrolls of immolation {!r}
 y - 3 scrolls of enchant armour
 B - a scroll of holy word {unknown}
 C - a scroll of magic mapping
 D - a scroll of vulnerability {unknown}
 G - a scroll of blinking
 I - a scroll of brand weapon {unknown}
 L - 4 scrolls of fog
 U - a scroll of noise {unknown}
Potions
 b - a potion of cancellation {unknown}
 g - a potion of haste {unknown}
 i - 2 potions of flight {unknown}
 l - 2 potions of ambrosia
 q - 2 potions of degeneration {unknown}
 r - 2 potions of attraction {!q}
 x - 4 potions of lignification {!q}
 z - 4 potions of curing {@q1}
 E - 2 potions of berserk rage
 F - a potion of brilliance {unknown}
 K - 2 potions of mutation {!q}
 O - a potion of resistance
 Q - 3 potions of heal wounds {@q2}
Miscellaneous
 T - a phantom mirror
   (You found it on level 10 of the Dungeon)
 X - a tin of tremorstones (2/2)
   (You found it in a Gauntlet)


   Skills:
 * Level 7.2 Fighting
 - Level 4.0 Short Blades
 * Level 3.8 Armour
 - Level 5.5 Dodging
 + Level 7.2 Stealth
 * Level 7.3 Spellcasting
 + Level 2.7 Conjurations
 - Level 10.0 Ice Magic
 * Level 1.9 Evocations


You had 13 spell levels left.
You knew the following spells:

 Your Spells              Type           Power      Damage    Failure   Level
a - Freeze                Ice            100%       1d11      1%          1
b - Frozen Ramparts       Ice            72%        1d9       1%          3
c - Ozocubu's Armour      Ice            36%        N/A       1%          3
d - Hailstorm             Conj/Ice       25%        3d7       8%          4

Your spell library contained the following spells:

 Spells                   Type           Power      Damage    Failure   Level
 Poisonous Vapours        Pois/Air       10%        N/A       16%         2
 Beastly Appendage        Tmut           10%        N/A       11%         1
 Blink                    Tloc           N/A        N/A       16%         2
 Corpse Rot               Necr/Air       N/A        N/A       16%         2
 Passwall                 Tmut/Erth      4%         N/A       16%         2
 Slow                     Hex            5%         N/A       16%         2
 Wereblood                Tmut           5%         N/A       16%         2
 Call Canine Familiar     Summ           5%         N/A       32%         3
 Confusing Touch          Hex            5%         N/A       32%         3
 Gell's Gravitas          Tloc           2%         N/A       32%         3
 Lesser Beckoning         Tloc           5%         N/A       32%         3
 Portal Projectile        Hex/Tloc       10%        N/A       32%         3
 Spider Form              Tmut/Pois      2%         N/A       32%         3
 Swiftness                Air            5%         N/A       32%         3
 Teleport Other           Tloc           5%         N/A       32%         3
 Vampiric Draining        Necr           2%         2d6       32%         3
 Dispel Undead            Necr           5%         3d7       73%         4
 Leda's Liquefaction      Hex/Erth       2%         N/A       73%         4
 Blade Hands              Tmut           2%         N/A       97%         5
 Excruciating Wounds      Necr           2%         N/A       97%         5
 Manifold Assault         Tloc           5%         N/A       97%         5
 Death Channel            Necr           2%         N/A       100%        6
 Invisibility             Hex            2%         N/A       100%        6


Dungeon Overview and Level Annotations

Branches:
Dungeon (11/15)            Temple (1/1) D:7            Lair (0/6) D:8
    Orc (0/2) D:11        Gauntlet (visited)

Altars:
Ashenzari
Cheibriados
Dithmenos
Elyvilon
Fedhas
Gozag
Hepliaklqana
Kikubaaqudgha
Makhleb
Nemelex Xobeh
Okawaru
Qazlal
Ru
Sif Muna
Trog
Uskayaw
Vehumet
Wu Jian
Xom
Yredelemnul
Zin
The Shining One

Shops:
D:10 :

Annotations:
D:10 fly


Innate Abilities, Weirdness & Mutations

You have hoof-like feet.
You are partially covered in yellow scales. (AC +2)
Your demonic aura sometimes causes spilled blood to erupt in flames.
Spells you cast may paralyse adjacent enemies.
You are frail. (-10% HP)
Your spells are a little easier to cast, but a little less powerful.


Message History

Training target 10.0 for Ice Magic reached!
Your Ice Magic skill increases to level 10!
Okay, then.
The frozen ramparts melt away.
Your icy armour cracks and falls away as you move.
There is an open door here.
o - 6 scrolls of fear (gained 1)
You open the door.
There is an open door here.
You open the door.
There is an open door here.
You open the door.
There is an open door here.
A manticore and a centaur warrior come into view.
There are monsters nearby!
There are monsters nearby!
There are monsters nearby!
There are monsters nearby!
The centaur warrior shouts!
You hear a shout! x3
The centaur warrior wields a +0 shortbow.
The centaur warrior shoots an arrow.
The arrow hits you.
The manticore flicks its tail.
The volley of spikes hits you!
The barbed spikes become lodged in your body.
You hear a shout!
The walls around you are covered in ice.
Malevolent energies surge around you.
The wall freezes the centaur warrior.
The centaur warrior shoots an arrow.
The arrow hits you!!
The wall freezes the manticore!
You hear a shout!
A film of ice covers your body! Malevolent energies surge around you.
The wall freezes the centaur warrior.
The centaur warrior shoots an arrow.
The arrow hits you!
* * * LOW HITPOINT WARNING * * *
The wall freezes the manticore!
The wall freezes the centaur warrior.
The centaur warrior shoots an arrow.
The arrow hits you!
* * * LOW HITPOINT WARNING * * *
A centaur comes into view.
The wall freezes the centaur warrior.
The centaur warrior shoots an arrow.
The arrow hits you!!
* * * LOW HITPOINT WARNING * * *
The wall freezes the manticore.
The wall freezes the centaur.
Blink to where?
Your icy armour and frozen ramparts will break if you move.
Continue?
Your icy armour cracks and falls away as you move.
The frozen ramparts melt away as you move.
As you read the scroll of blinking, it crumbles to dust.
The barbs in your skin will harm you if you move.
Continue?
The barbed spikes dig painfully into your body as you move.
You die...

#.# #########
**##'## *,,...#
*,###.####
*,#...'..####
###.#.##....#######
#...#.#####.......#
#.#.### #######.###
#.#.@.# #...#
#.###.# ###..
#...#.# ### #.#.#.#
#.#...# ####'##
#####.# #Hc.°.#
*#.#####*


There were no monsters in sight!

Vanquished Creatures
  A minotaur (Gauntlet)
  Harold (D:7)
  A catoblepas (Gauntlet)
  A lindwurm (shapeshifter) (Gauntlet)
  An ugly thing (D:11)
  A faun (shapeshifter) (Gauntlet)
  An elephant (D:8)
  A manticore (D:11)
  A molten gargoyle (D:10)
  2 gargoyles (Gauntlet)
  An unseen horror (D:10)
  2 rime drakes (D:11)
  A troll (D:11)
  Grinder (D:4)
  A polar bear (shapeshifter) (Gauntlet)
  Prince Ribbit (D:7)
  A wind drake (shapeshifter) (Gauntlet)
  Sigmund (D:4)
  A shadow (D:10)
  4 yaks
  2 chaos spawn (Gauntlet)
  A basilisk (D:8)
  A neqoxec (Gauntlet)
  2 acid dragons
  An orc warrior (D:7)
  A water moccasin (D:7)
  Purgy (D:4)
  2 black bears
  A hornet zombie (D:6)
  A necrophage (D:6)
  An ogre (D:5)
  4 centaurs
  A kobold brigand (D:8)
  2 bullfrogs (D:8)
  A gnoll sergeant (D:9)
  A scorpion (D:7)
  2 wyvern skeletons
  12 wights
  12 killer bees
  A lava snake (D:10)
  A howler monkey (D:10)
  6 centaur zombies
  3 orc priests
  2 centaur skeletons
  A bullfrog zombie (D:3)
  A gnoll shaman (D:9)
  A hound (D:6)
  Crazy Yiuf (D:7)
  A bullfrog skeleton (D:6)
  2 iguanas
  2 scorpion zombies (D:5)
  Terence (D:3)
  8 orc wizards
  A hound skeleton (D:4)
  18 gnolls
  5 adders
  A shadow imp (D:7)
  2 white imps (D:6)
  An adder zombie (D:5)
  2 worms
  A dart slug (D:1)
  19 orcs
  13 ball pythons
  5 endoplasms
  3 giant cockroaches
  13 goblins
  10 hobgoblins
  10 jackals
  26 kobolds
  2 quokkas
  4 bats
  4 frilled lizards
  13 rats
258 creatures vanquished.

Vanquished Creatures (others)
  3 demonic plants (Gauntlet)
  8 fungi
  13 plants (Gauntlet)
24 creatures vanquished.

Grand Total: 282 creatures vanquished

Notes
Turn   | Place    | Note
-------+----------+-------------------------------------------
     0 | D:1      | Heedrag the Demonspawn Ice Elementalist began the quest for
                  | the Orb.
     0 | D:1      | Reached XP level 1. HP: 13/13 MP: 3/3
   266 | D:1      | Gained mutation: Spells you cast may paralyse adjacent
                  | enemies. [demonic ancestry]
   266 | D:1      | Reached XP level 2. HP: 14/19 MP: 0/5
   640 | D:1      | Found a faded altar of an unknown god.
   849 | D:1      | Gained mutation: You are partially covered in yellow
                  | scales. (AC +2) [demonic ancestry]
   849 | D:1      | Reached XP level 3. HP: 22/25 MP: 0/6
  1009 | D:1      | Reached skill level 4 in Ice Magic
  1376 | D:2      | Learned a level 3 spell: Frozen Ramparts
  1483 | D:2      | Reached skill level 1 in Fighting
  2075 | D:2      | Reached XP level 4. HP: 32/32 MP: 4/7
  2476 | D:3      | Noticed Terence
  2499 | D:3      | Killed Terence
  2624 | D:3      | Reached XP level 5. HP: 37/37 MP: 8/8
  2630 | D:3      | Learned a level 3 spell: Ozocubu's Armour
  3257 | D:4      | Noticed Grinder
  3483 | D:4      | Noticed Sigmund
  3594 | D:4      | Noticed Purgy
  3605 | D:4      | Killed Purgy
  3606 | D:4      | Gained mutation: You have large cloven feet. [demonic
                  | ancestry]
  3606 | D:4      | Reached XP level 6. HP: 44/44 MP: 5/10
  3648 | D:4      | Learned a level 4 spell: Hailstorm
  3747 | D:5      | Entered Level 5 of the Dungeon
  3781 | D:5      | Reached skill level 5 in Ice Magic
  3878 | D:5      | Gained mutation: You have hoof-like feet. [demonic
                  | ancestry]
  3878 | D:5      | Reached XP level 7. HP: 33/51 MP: 5/11
  4865 | D:6      | Reached skill level 6 in Ice Magic
  4867 | D:6      | Gained mutation: Your demonic aura sometimes causes spilled
                  | blood to erupt in flames. [demonic ancestry]
  4867 | D:6      | Reached XP level 8. HP: 54/58 MP: 1/13
  5667 | D:7      | Found a runed translucent door.
  5668 | D:7      | Noticed Crazy Yiuf
  5842 | D:7      | Found a staircase to the Ecumenical Temple.
  5854 | D:7      | Reached skill level 1 in Short Blades
  5860 | Temple   | Entered the Ecumenical Temple
  6055 | Temple   | Became a worshipper of Vehumet
  6246 | D:7      | Noticed Harold
  6253 | D:7      | Killed Harold
  6254 | D:7      | Reached skill level 5 in Stealth
  6254 | D:7      | Reached skill level 7 in Ice Magic
  6254 | D:7      | Reached XP level 9. HP: 66/66 MP: 6/15
  6502 | D:7      | Noticed Prince Ribbit
  6547 | D:7      | Killed Prince Ribbit
  6548 | D:7      | Reached skill level 5 in Fighting
  6797 | D:7      | Killed Crazy Yiuf
  6943 | D:4      | Killed Grinder
  6944 | D:4      | Reached skill level 5 in Spellcasting
  7057 | D:4      | Killed Sigmund
  7058 | D:4      | Reached skill level 5 in Dodging
  7224 | D:8      | Found a staircase to the Lair.
  7224 | D:8      | Noticed an elephant
  7259 | D:8      | Reached skill level 8 in Ice Magic
  7458 | D:8      | Reached * piety under Vehumet
  7458 | D:8      | Offered knowledge of Shock by Vehumet.
  7560 | D:8      | Killed an elephant
  7561 | D:8      | Reached XP level 10. HP: 69/76 MP: 2/18
  8043 | D:8      | Found a shadowy altar of Dithmenos.
  8043 | D:8      | Found a hazy altar of Hepliaklqana.
  8683 | D:9      | Reached skill level 9 in Ice Magic
  9314 | D:9      | Offered knowledge of Poisonous Vapours by Vehumet.
  9351 | D:10     | Entered Level 10 of the Dungeon
  9364 | D:10     | Found Budeikeu's Book Emporium.
  9447 | D:10     | Reached ** piety under Vehumet
  9492 | D:10     | Reached skill level 1 in Armour
 10165 | D:10     | Noticed a molten gargoyle
 10190 | D:10     | Killed a molten gargoyle
 10191 | D:10     | Reached skill level 1 in Conjurations
 10550 | D:11     | Found a gate leading to a gauntlet.
 10554 | Gauntlet | Entered a Gauntlet
 10554 | Gauntlet | Found a transporter.
 10554 | Gauntlet | Found a large runed translucent door.
 10554 | Gauntlet | Found a large runed translucent door.
 10554 | Gauntlet | Found a large runed translucent door.
 10554 | Gauntlet | Found a large runed translucent door.
 10554 | Gauntlet | Found a runed translucent door.
 10554 | Gauntlet | Found a runed translucent door.
 10554 | Gauntlet | Found a large runed translucent door.
 10554 | Gauntlet | Found a large runed translucent door.
 10554 | Gauntlet | Found a large runed translucent door.
 10554 | Gauntlet | Found a large runed translucent door.
 10554 | Gauntlet | Found a large runed translucent door.
 10554 | Gauntlet | Found a large runed translucent door.
 10555 | Gauntlet | Found a large runed translucent door.
 10555 | Gauntlet | Found a large runed translucent door.
 10568 | Gauntlet | Found a transporter.
 10578 | Gauntlet | Found a transporter.
 10582 | Gauntlet | Noticed a white ugly thing
 10583 | Gauntlet | Found a transporter.
 10598 | Gauntlet | Found a transporter.
 10617 | Gauntlet | Found a transporter.
 10620 | Gauntlet | Noticed a great orb of eyes
 10620 | Gauntlet | Noticed a cyclops
 10621 | Gauntlet | a cyclops changed into a floating eye
 10629 | Gauntlet | Found a transporter.
 10635 | Gauntlet | Found a transporter.
 10637 | Gauntlet | Found a transporter.
 10638 | Gauntlet | Noticed a moth of wrath
 10654 | Gauntlet | Found a transporter.
 10655 | Gauntlet | Noticed a brown ugly thing
 10660 | Gauntlet | Found a transporter.
 10660 | Gauntlet | Noticed a great orb of eyes
 10660 | Gauntlet | Noticed a brown ugly thing
 10679 | Gauntlet | Found a transporter.
 10685 | Gauntlet | Found a transporter.
 10687 | Gauntlet | Found a transporter.
 10703 | Gauntlet | Noticed a cane toad
 10703 | Gauntlet | a human changed into a cane toad
 10704 | Gauntlet | Found a transporter.
 10704 | Gauntlet | Noticed a black mamba
 10708 | Gauntlet | Noticed a harpy
 10708 | Gauntlet | a cane toad changed into a harpy
 10710 | Gauntlet | Found a transporter.
 10713 | Gauntlet | Noticed an orb spider
 10713 | Gauntlet | a yak changed into an orb spider
 10721 | Gauntlet | an orb spider changed into something unseen
 10727 | Gauntlet | Noticed a black mamba
 10727 | Gauntlet | a harpy changed into a black mamba
 10730 | Gauntlet | Noticed a fire crab
 10730 | Gauntlet | a black mamba changed into a fire crab
 10739 | Gauntlet | a black mamba changed into a black bear
 10749 | Gauntlet | Noticed a lindwurm
 10749 | Gauntlet | a fire crab changed into a lindwurm
 10754 | Gauntlet | Found a transporter.
 10756 | Gauntlet | Noticed a sixfirhy
 10772 | Gauntlet | Found a large runed translucent door.
 10773 | Gauntlet | Found a large runed translucent door.
 10777 | Gauntlet | Found a runed translucent gate.
 10777 | Gauntlet | Found a runed translucent gate.
 10777 | Gauntlet | Found a runed translucent gate.
 10778 | Gauntlet | Noticed a gargoyle
 10778 | Gauntlet | Noticed a catoblepas
 10779 | Gauntlet | Found a transporter.
 10779 | Gauntlet | Noticed a gargoyle
 10791 | Gauntlet | Found a large runed translucent door.
 10792 | Gauntlet | Found a large runed translucent door.
 10828 | Gauntlet | Killed a gargoyle
 10829 | Gauntlet | Reached XP level 11. HP: 83/83 MP: 14/20
 10838 | Gauntlet | Killed a catoblepas
 10851 | Gauntlet | Noticed a swamp dragon
 10854 | Gauntlet | Noticed a fire crab
 10857 | Gauntlet | a swamp dragon changed into a cyclops
 10859 | Gauntlet | Noticed a fire crab
 10862 | Gauntlet | a fire crab changed into a queen bee
 10889 | Gauntlet | Noticed a fire crab
 10889 | Gauntlet | a cyclops changed into a fire crab
 10891 | Gauntlet | a fire crab changed into a redback
 10906 | Gauntlet | a fire crab changed into something unseen
 10917 | Gauntlet | Noticed a glowing shapeshifter
 10917 | Gauntlet | a torpor snail changed into a glowing shapeshifter
 10918 | Gauntlet | a glowing shapeshifter changed into an eye of devastation
 10923 | Gauntlet | Noticed a harpy
 10931 | Gauntlet | Noticed a wolf spider
 10931 | Gauntlet | a faun changed into a wolf spider
 10933 | Gauntlet | a wolf spider changed into a merfolk
 10935 | Gauntlet | Noticed a swamp dragon
 10935 | Gauntlet | a manticore changed into a swamp dragon
 10936 | Gauntlet | a harpy changed into a blink frog
 10941 | Gauntlet | Noticed a shock serpent
 10941 | Gauntlet | a merfolk changed into a shock serpent
 10946 | Gauntlet | Noticed a glowing shapeshifter
 10946 | Gauntlet | a shock serpent changed into a glowing shapeshifter
 10947 | Gauntlet | Noticed a shining eye
 10947 | Gauntlet | a glowing shapeshifter changed into a shining eye
 10948 | Gauntlet | a shining eye changed into a manticore
 10961 | Gauntlet | Noticed a glowing shapeshifter
 10961 | Gauntlet | a slime creature changed into a glowing shapeshifter
 10962 | Gauntlet | a glowing shapeshifter changed into a manticore
 10963 | Gauntlet | a swamp dragon changed into a cyclops
 10966 | Gauntlet | Noticed a boulder beetle
 10966 | Gauntlet | a slime creature changed into a boulder beetle
 10975 | Gauntlet | a boulder beetle changed into a tyrant leech
 10979 | Gauntlet | Noticed a boulder beetle
 10979 | Gauntlet | a tyrant leech changed into a boulder beetle
 10984 | Gauntlet | a boulder beetle changed into a slime creature
 11019 | Gauntlet | Noticed a sea snake
 11019 | Gauntlet | a cyclops changed into a sea snake
 11023 | Gauntlet | a sea snake changed into a slime creature
 11028 | Gauntlet | Gained mutation: Your spells are a little easier to cast,
                  | but a little less powerful. [a neqoxec]
 11029 | Gauntlet | Gained mutation: You are frail. (-10% HP) [a neqoxec]
 11080 | Gauntlet | Identified the ring of Naukuoc {rF+ Str-5 Dex+7}
 11086 | Gauntlet | Noticed a two-headed ogre
 11088 | Gauntlet | a two-headed ogre changed into an elephant
 11092 | Gauntlet | Noticed a mana viper
 11093 | Gauntlet | a mana viper changed into a redback
 11103 | Gauntlet | Noticed a fire crab
 11103 | Gauntlet | a redback changed into a fire crab
 11106 | Gauntlet | Noticed a lindwurm
 11106 | Gauntlet | a fire crab changed into a lindwurm
 11111 | Gauntlet | Killed a lindwurm
 11122 | Gauntlet | Identified the +1 helmet "Xaumuig" {rElec rF+++ Str+4
                  | Dex-3}
 11217 | Gauntlet | Identified the +0 plate armour of Wonder {rPois Str-2
                  | Int+4}
 11217 | Gauntlet | Noticed a minotaur
 11229 | Gauntlet | Killed a minotaur
 11357 | D:11     | Reached skill level 1 in Evocations
 11409 | D:11     | Noticed a white ugly thing
 11419 | D:11     | Killed a white ugly thing
 11539 | D:11     | Reached skill level 10 in Ice Magic
 11615 | D:11     | Noticed a centaur warrior
 11619 | D:11     | HP: 2/75 [centaur warrior/arrow (19)]
 11621 | D:11     | Succumbed to barbed spike wounds

Illustrated notes

Levels and vault maps discovered:
D:1:      dpeg_arrival_ratfight, layout_rooms,
          hellmonk_ecumenical_altar_heavens_door, serial_bayou_lake_a
D:2:      minmay_kobold_bridge, layout_basic
D:3:      layout_loops_ring, grunt_ministairs_1, lemuel_old_faithful,
          uniq_terence
D:4:      layout_gridville, uniq_grinder, uniq_purgy, uniq_sigmund
D:5:      layout_loops_ring
D:6:      corexii_shantytown, layout_basic
D:7:      layout_loops_ring, temple_green, uniq_harold, uniq_prince_ribbit1,
          uniq_crazy_yiuf_cottage
D:8:      layout_basic, riverfiend_overflow_shadow_ancestor, david_lair_generic
D:9:      layout_loops_ring
D:10:     lemuel_flame_loot_2, layout_loops_corners, serial_shops,
          kennysheep_little_box
D:11:     layout_roguey [special_room_orc], orc_0_dummy, gauntlet_entry_generic,
          portal_ice_cave_rime
Temple:   regret_index_temple_chain_breaker

Skill      XL: |  1  2  3  4  5  6  7  8  9 10 11 |
---------------+----------------------------------+-----
Dodging        | 2 3 4 5 |  5.5
Stealth        | 2 3 4 5 6 7 |  7.2
Ice Magic      | 4 5 6 7 8 9 10 | 10.0
Fighting       | 1 2 3 4 5 6 7 |  7.2
Spellcasting   | 3 4 5 6 7 |  7.3
Short Blades   | 2 4 |  4.0
Armour         | 2 3 |  3.8
Conjurations   | 1 2 |  2.7
Evocations     | 1 |  1.9

Action                   |  1- 3 |  4- 6 |  7- 9 | 10-12 || total
-------------------------+-------+-------+-------+-------++-------
Melee: Unarmed           |    14 |       |       |       ||    14
       Dagger            |    40 |    57 |   136 |   141 ||   374
       Kick              |       |     4 |    31 |       ||    35
Throw: Boomerang         |       |     2 |       |       ||     2
       Dart              |       |       |     2 |       ||     2
 Cast: Freeze            |    55 |    19 |    42 |    57 ||   173
       Frozen Ramparts   |     3 |     9 |    35 |    29 ||    76
       Ozocubu's Armour  |       |     1 |    11 |    25 ||    37
  Use: Scroll            |       |       |       |    16 ||    16
 Stab: Paralysed         |     7 |    14 |    51 |    26 ||    98
       Sleeping          |     3 |     5 |    10 |     4 ||    22
Armor: Robe              |    22 |    20 |    54 |    30 ||   126
       Acid dragon scale |       |       |       |    79 ||    79
Dodge: Dodged            |    55 |    39 |   108 |   138 ||   340

Table legend: (Time is in decaauts)
 A = Elapsed time spent in this place.
 B = Non-inter-level travel time spent in this place.
 C = Inter-level travel time spent in this place.
 D = Time resting spent in this place.
 E = Time spent auto-exploring this place.
 F = Levels seen in this place.
 G = Mean time per level.
                   A        B        C        D        E       F      G
               +--------+--------+--------+--------+--------+-----+--------+
         Total |  11618 |  11056 |    562 |   1355 |   7476 |  13 |  893.7 |
       Dungeon |  10648 |  10110 |    538 |   1040 |   7086 |  11 |  968.0 |
        Temple |    205 |    181 |     24 |      0 |    163 |   1 |  205.0 |
      Gauntlet |    765 |    765 |      0 |    315 |    227 |   1 |  765.0 |
               +--------+--------+--------+--------+--------+-----+--------+

Top non-repeatable levels by time:
     D:1: 1382 daAuts
     D:7: 1163 daAuts
    D:10: 1126 daAuts
     D:6: 1059 daAuts
     D:8: 1051 daAuts
     D:9: 1016 daAuts
     D:3: 947 daAuts
     D:5: 893 daAuts
     D:2: 867 daAuts
     D:4: 772 daAuts
Gauntlet: 765 daAuts
    D:11: 366 daAuts
  Temple: 205 daAuts
